 Dungeon Crawl Stone Soup version 0.28.0 (webtiles) character file.

Game seed: 15847987893523593874

410 Nonny the Twirler (level 6, -1/32 HPs)
             Began as a Vine Stalker Gladiator on Feb 5, 2022.
             Was a Follower of the Shining One.
             Slain by a gnoll (8 damage)
             ... on level 4 of the Dungeon.
             The game lasted 00:12:30 (2258 turns).

Nonny the Twirler (Vine Stalker Gladiator)          Turns: 2258, Time: 00:12:31

Health: -1/32      AC:  5    Str: 19    XL:     6   Next: 89%
Magic:  0/7        EV: 12    Int:  8    God:    the Shining One [*.....]
Gold:   164        SH:  0    Dex: 15    Spells: 5/5 levels left

rFire   . . .      SeeInvis .   a - +0 quarterstaff
rCold   . . .      Faith    .   (shield currently unavailable)
rNeg    . . .      Spirit   +   b - +0 leather armour
rPois   .          Reflect  .   c - +0 helmet
rElec   .          Harm     .   (no cloak)
rCorr   .          Rampage  .   n - +0 pair of gloves
Will    .....                   (no boots)
Stlth   +.........              (no amulet)
HPRegen 0.90/turn               (no ring)
MPRegen 0.10/turn               (no ring)

@: glowing
A: fangs 2, regeneration 1, magic shield, antimagic bite, no potion heal 2
a: Renounce Religion, Divine Shield


You were on level 4 of the Dungeon.
You worshipped the Shining One.
The Shining One was aware of your devotion.
You visited 1 branch of the dungeon, and saw 4 of its levels.

You collected 164 gold pieces.

Inventory:

Hand Weapons
 a - a +0 quarterstaff (weapon)
Missiles
 d - 3 throwing nets (quivered)
 k - 6 poisoned darts
Armour
 b - a +0 leather armour (worn)
 c - a +0 helmet (worn)
 n - a +0 pair of gloves (worn)
Jewellery
 g - a +6 ring of dexterity
Scrolls
 e - 2 scrolls of identify {unknown}
 h - 2 scrolls of amnesia {unknown}
 j - a scroll of brand weapon {unknown}
 p - a scroll of vulnerability {unknown}
 q - a scroll of teleportation {unknown}
Potions
 f - 2 potions of heal wounds {unknown}
 i - 2 potions of magic {unknown}
 l - a potion of mutation {unknown}
 m - a potion of curing {unknown}
 o - a potion of degeneration {unknown}


   Skills:
 + Level 2.6 Fighting
 + Level 5.5 Staves
 - Level 1.7 Throwing
 + Level 1.1 Armour
 - Level 3.0 Dodging
 - Level 3.0 Stealth


You had 5 spell levels left.
You didn't know any spells.
Your spell library contained the following spells:

 Spells                   Type           Power      Damage    Failure   Level
 Ozocubu's Armour         Ice            0%         N/A       83%         3
 Summon Lightning Spire   Summ/Air       0%         N/A       99%         4
 Summon Cactus Giant      Summ           0%         N/A       100%        6
 Ozocubu's Refrigeration  Ice            0%         4d5       100%        7


Dungeon Overview and Level Annotations

Branches:
Dungeon (4/15)
 Temple: D:4-7

Altars:
The Shining One


Innate Abilities, Weirdness & Mutations

You have extremely sharp teeth.
Your natural rate of healing is unusually fast.
When hurt, damage is shared between your health and your magic reserves.
Your bite disrupts and absorbs the magic of your enemies.
Potions cannot restore your health.


Message History

The gnoll barely misses you. The gnoll hits you with a +0 whip.
Unknown command.
You sock the gnoll!
You kill the gnoll!
The gnoll hits you from afar with a +0 halberd!
Unknown command.
You hit the gnoll shaman. You bite the gnoll shaman. You drain its power.
You feel invigorated.
The gnoll shaman is moderately wounded.
The gnoll completely misses you. The gnoll shaman closely misses you.
Unknown command.
You barely miss the gnoll shaman.
The gnoll shaman is moderately wounded.
The gnoll hits you from afar with a +0 halberd!
* * * LOW HITPOINT WARNING * * *
The gnoll shaman barely misses you.
Unknown command.
The gnoll shaman calls upon its god to speed up the gnoll.
The gnoll seems to speed up.
There is an open door here.
You sock the gnoll shaman! Your bite misses the gnoll shaman.
The gnoll shaman is severely wounded.
The gnoll hits you from afar with a +0 halberd.
You hit the gnoll shaman.
You bite the gnoll shaman, but do no damage.
The gnoll shaman is almost dead.
The gnoll hits you from afar with a +0 halberd.
The gnoll closely misses you.
The gnoll shaman hits you with a +0 whip!
* * * LOW HITPOINT WARNING * * *
You hit the gnoll shaman.
You kill the gnoll shaman!
The Shining One accepts your kill.
You feel better. The gnoll barely misses you.
The gnoll hits you from afar with a +0 halberd.
* * * LOW HITPOINT WARNING * * *
Unknown command.
Unknown command.
The gnoll hits you from afar with a +0 halberd!
You die...

#...# ##'## #...# ##.#.##
#.###.# ##.# #.## #..#
#g## ##.# ....
#################.# #.##
#..# #.........@.g).#g##
##.# #..#
#.############.#.#######.#
#..# #.# #....)......#
...# #.# #############
#..# ##.## ...###>..#
#........# ######..)#
#####


You could see a gnoll (fast).

Vanquished Creatures
  A necrophage (D:4)
  A phantom (D:4)
  A crimson imp (D:3)
  A gnoll shaman (D:4)
  2 gnolls (D:4)
  5 adders
  2 worms
  2 dart slugs (D:1)
  10 orcs (D:3)
  7 ball pythons
  9 bats
  10 endoplasms
  3 giant cockroaches
  6 goblins
  7 hobgoblins
  3 jackals (D:4)
  12 kobolds
  2 quokkas
  3 frilled lizards
  A goblin skeleton (D:3)
  A goblin zombie (D:3)
  A hobgoblin zombie (D:3)
  A kobold skeleton (D:3)
  3 kobold zombies (D:3)
  An orc zombie (D:3)
  6 rats
101 creatures vanquished.

Notes
Turn   | Place    | Note
-------+----------+-------------------------------------------
     0 | D:1      | Nonny the Vine Stalker Gladiator began the quest for the
                  | Orb.
     0 | D:1      | Reached XP level 1. HP: 11/11 MP: 2/2
    54 | D:1      | Starting vault: 4 fountains, 2 doors, 2 gates, }{ shape
   169 | D:1      | Reached XP level 2. HP: 8/15 MP: 1/3
   179 | D:1      | Reached skill level 1 in Stealth
   279 | D:1      | Reached skill level 3 in Staves
   340 | D:1      | +6 dex ring
   352 | D:1      | Reached XP level 3. HP: 6/18 MP: 4/4
   502 | D:1      | Found a faded altar of an unknown god.
   662 | D:1      | >Little lava vault?
  1034 | D:2      | Gained mutation: Your natural rate of healing is unusually
                  | fast. [Vine Stalker growth]
  1034 | D:2      | Reached XP level 4. HP: 23/23 MP: 5/5
  1293 | D:2      | +1 dagger of venom
  1407 | D:2      | Up hatch. Is it good for the escape?
  1409 | D:1      | Maybe.
  1590 | D:2      | Might be a decent up hatch from D:3
  1628 | D:3      | Reached skill level 4 in Staves
  1655 | D:3      | gloves
  1676 | D:3      | Found a glowing golden altar of the Shining One.
  1735 | D:3      | Became a worshipper of the Shining One
  1746 | D:3      | Reached XP level 5. HP: 23/26 MP: 6/6
  2108 | D:4      | Reached * piety under the Shining One
  2109 | D:4      | Noticed a phantom
  2111 | D:4      | Got the Handbook of Ice and Creation
  2130 | D:4      | Killed a phantom
  2131 | D:4      | Reached skill level 5 in Staves
  2131 | D:4      | Reached XP level 6. HP: 16/31 MP: 4/7
  2185 | D:4      | Noticed a necrophage
  2197 | D:4      | Killed a necrophage
  2198 | D:4      | Reached skill level 1 in Armour
  2226 | D:4      | Vault? Three tiles of deep water in little long room.
  2258 | D:4      | Slain by a gnoll

Illustrated notes #.#..#'#...#..# #.#..#'#....#.# #.).##⌠##...#.# #...'⌠<⌠'...#.# #...##⌠##...#.# ..###....#'#..#.#.# #........#'#..#.#.# #####..##.##...#.# #.##...##@.# #....8.....# #######.#..# #....# ###..# #..# #..# #..# Turn 54 on D:1: Starting vault: 4 fountains, 2 doors, 2 gates, }{ shape #.######.#.# ..#.#. #)#.# .#.#. #.#.# ..#.##.#.#.####### #.#......†.......# #.#.######.#####.# #... ...>.....# #.###.#######......# #.....@...†........# #####..............# ..K...............# ......#####........# #...... ###......# ...r..# #...)..# #..... #.......# #r#### #.......# #.....### Turn 340 on D:1: +6 dex ring # #...[.............#..##...##.. # #...†.......####..#...##.##..# # #...........# #..#.#..#'#...# ####.........### #..#.#..#'#.... #.....##.##### #..#.).##⌠##... #.##.###.# #..#...'⌠<⌠'... #..#.....# ####..#...##⌠##... ############## #...###....#'#..#. .............###@#........#'#..#. .....#########.'.######..##.##... .....#########.#≈# #.##...##.. .............#.#≈# #....8..... .............#.#≈# #######.#.. .............#.'.# #.... ###..........###.# ###.. ##########.....# #.. ####### #.. Turn 662 on D:1: >Little lava vault? ....†...............##......... ........######......##....(.... .........# #......##.......(. .......#.# #......##......... .......#.### #......##........ .......'...# #......##........ .......#.#.# #......# ....[..#.#.# #......# .......#...# #..@...# ##########.# ######## ### Turn 1293 on D:2: +1 dagger of venom #..#...........##....÷. #..#..#.........#...... #..#............#...... #.....#.........#...... #.##............#...... #.##..#.........#...... #....<#.#########[..... ####+##.#########...... #.....@>............... #.......#############'# #.......# #.# ######### #(. ##### #####. #...# #..... #...# #..... #...# #..... #...# #†.... Turn 1407 on D:2: Up hatch. Is it good for the escape? .# #...##_##......# ###..... .# ##..#.##......## ##...). .# ####..##.##.....# #...... ## #......##.#.##### #...... #.####.#.##.# #.....# #.# #.#.#..# ######### #.# #......# #.)....# #.####......### #......# #...........@.# #......# ########.......#######.....>## #............................. #.######.......############### #.# #.#.......#########...... #.# #................##.##### #.# #....[......####.##.....8 #.# #...[.............#..##.. #.# #...†.......####..#...##. Turn 1409 on D:1: Maybe.

...........##.............##.'...
...........######....##+####.#...
...........# #......##.#....#..<
.....†.....######.##..#.#.#..#...
........................#....####
........................###....##
.....................#..###......
...######.(......................
...# #.......@......>.........
...# #........................
...# #........................
...# #............######......
...# #.............# #...... ####
#...........#.# #......
#...........#.### #......
#...........'...# #......
#...........#.#.# #......


Turn 1590 on D:2: Might be a decent up hatch from D:3 #....#....))...
#....#......... #....#........# ####....#........# ..........>......#
#########....#...###### ..#............##.....##. ......).....#####..##.##.
#...).@...######.##.#.. #..<......#...##..#.#.# #...#######...##..###.# #...
#<####...###<##### #.. #.##.....###....## #.. #....#...#.#.##... ##
#..#†#...#.#....## #..#.##.........# #..#.##..#...>#.## Turn 1655 on D:3: gloves
##+## #.@.# #...# #.≈.# #.≈.# #.≈.# #...# #...# ##'## #...# Turn 2226 on D:4:
Vault? Three tiles of deep water in little long room.

Levels and vault maps discovered:
D:1:      grunt_arrival_crossed_arrows, layout_basic,
          chequers_ecumenical_altar_twisty, minmay_misc_feat_chi,
          corexii_corridor_pit
D:2:      layout_basic
D:3:      minmay_chambers_of_twos, layout_basic, nicolae_tso_besieged_by_evil,
          hangedman_feature_mirror
D:4:      layout_loops_ring, mainiacjoe_overflow_paths,
          minmay_temple_entry_statues_pillars, grunt_decor_clamped, st_stairs_9,
          uniq_sigmund

Skill      XL: |  1  2  3  4  5  6 |
---------------+-------------------+-----
Stealth        | 1 2 3 |  3.0
Staves         | 3 4 5 |  5.5
Fighting       | 2 |  2.6
Dodging        | 3 |  3.0
Armour         | 1 |  1.1
Throwing       | |  1.7

Action                   |  1- 3 |  4- 6 || total
-------------------------+-------+-------++-------
Melee: Quarterstaff      |    82 |   154 ||   236
       Bite              |    16 |    41 ||    57
 Stab: Sleeping          |     3 |     2 ||     5
Armor: Leather armour    |    25 |    77 ||   102
Dodge: Dodged            |    43 |   148 ||   191
